 Dungeon Crawl Stone Soup version 0.31.0-32-g396128a36d (webtiles) character file.

Game seed: 819674501465128045

269 firemarshallily the Gusty (level 6, -5/50 HPs)
             Began as a Draconian Air Elementalist on Mar 30, 2024.
             Killed by divine providence
             ... invoked by an orc priest
              (8 damage)
             ... on level 3 of the Dungeon.
             The game lasted 00:11:07 (2468 turns).

firemarshallily the Gusty (DrAE)                    Turns: 2468, Time: 00:11:08

Health: -5/50      AC:  6    Str: 12    XL:     6   Next: 1%
Magic:  0/12       EV: 12    Int: 16    God:
Gold:   149        SH:  0    Dex: 15    Spells: 7/13 levels left

rFire   . . .        j - staff of the Warrior {Str+2 Conj Ice}
rCold   . . .        (no shield)
rNeg    . . .        (body armour unavailable)
rPois   +            (helmet restricted)
rElec   .            (no cloak)
rCorr   .            (no gloves)
SInv    .            (no boots)
Will    +....        (no amulet)
Stlth   ++           g - ring of poison resistance
HPRegen 0.28/turn    h - ring of flight
MPRegen 0.13/turn

%: no passive effects
@: mighty, enlightened, flying
A: AC +6, unfitting armour, cold-blooded, agile 1, deterioration 1, devolution 1
a: no special abilities


You were on level 3 of the Dungeon.
You visited 1 branch of the dungeon, and saw 3 of its levels.

You collected 149 gold pieces.

Inventory:

Magical Staves
 j - the staff of the Warrior (weapon) {Str+2 Conj Ice}
   (You found it on level 2 of the Dungeon)

   [staff of conjuration]

   Base accuracy: +5 Base damage: 5 Base attack delay: 1.2 This weapon's minimum
   attack delay (0.6) is reached at skill level 12.
   Str+2:     It affects your strength (+2).
   Conj:      It increases the power of your Conjurations spells.
   Ice:       It increases the power of your Ice spells.
   It falls into the 'Staves' category.
   It is a one-handed weapon.
Jewellery
 g - a ring of poison resistance (left hand)
 h - a ring of flight (right hand)
 n - a ring of fire
Wands
 k - a wand of quicksilver (7)
Scrolls
 b - a scroll of blinking {unknown}
 e - a scroll of enchant armour {unknown}
 f - a scroll of vulnerability {unknown}
 i - 3 scrolls of identify {unknown}
 m - a scroll of revelation {unknown}
 o - a scroll of fear {unknown}
 q - a scroll of teleportation {unknown}
Potions
 a - 2 potions of magic


   Skills:
 + Level 2.7 Fighting
 + Level 1.5 Staves
 - Level 1.7 Dodging
 - Level 1.7 Stealth
 * Level 4.1 Spellcasting
 - Level 1.1 Conjurations
 + Level 4.1 Air Magic


You had 7 spell levels left.
You knew the following spells:

 Your Spells              Type           Power      Damage    Failure   Level
a - Shock                 Conj/Air       68%        1d7       5%          1
b - Static Discharge      Conj/Air       34%        3-5/arc   9%          2
c - Swiftness             Air            16%        N/A       9%          3

Your spell library contained the following spells:

 Spells                   Type           Power      Damage    Failure   Level
 Cigotuvi's Dreadful Rot  Necr/Alch/Air  14%        N/A       14%         2
 Airstrike                Air            8%         2d(2-18)  30%         4
 Summon Blazeheart Golem  Fire/Summ      3%         N/A       86%         4


Dungeon Overview and Level Annotations

Branches:
Dungeon (3/15)

Altars:
Zin

Annotations:
D:2 1 runed translucent door, Crazy Yiuf


Innate Abilities, Weirdness & Mutations

Your plain brown scales are hard. (AC +6)
You cannot fit into any form of body armour.
You are cold-blooded and may be slowed by cold attacks.
You are agile. (Dex +4, Str/Int -1)
Your body sometimes deteriorates upon taking damage.
You have hidden genetic defects.


Message History

Beogh smites you!
* * * LOW HITPOINT WARNING * * *
Unknown command.
It was a potion of enlightenment.
You feel more buoyant. The orc hits you but does no damage.
It was a potion of mutation.
You feel extremely strange.
You feel a hidden malignance growing inside you.
You feel yourself wasting away.
You feel agile.
The orc throws a boomerang.
The boomerang barely misses you. The orc hits you with a +0 war axe.
* * * LOW HITPOINT WARNING * * *
It was a potion of might.
You feel very mighty all of a sudden.
The orc throws a boomerang.
The boomerang barely misses you. The orc barely misses you.
Your magical contamination has completely faded away.
You closely miss the orc.
The orc is almost dead.
The orc priest casts a cantrip, but nothing happens.
The orc splashes around in the water.
You hit the orc!
You kill the orc!
You hear a splash. x2
Casting: Shock (safe; 5% risk of failure)
Confirm with . or Enter, or press ? or * to list all spells.
Aiming: Shock (safe; 5% risk of failure)
Press: ? - help, Shift-Dir - straight line, f/p - orc priest
Aim: an orc priest, wielding a +0 dagger and wearing a +0 leather armour (moderately wounded, 71% to hit)
You feel a surge of power!
The zap hits the orc.
The orc is heavily wounded.
The zap hits the orc priest.
The orc priest is severely wounded.
The orc misses you.
Unknown command.
You closely miss the orc.
The orc is heavily wounded.
The orc priest mumbles some strange prayers to Beogh against you.
Beogh smites you!
You die...

##...88~≈≈~~88...##..
..(#
#...............#...
##
#.................# '
##..88~~≈≈~88.....#
######~≈≈~~#....#
#~~≈≈~.....#
##~≈≈o...#.#
#~≈≈o~>.#.#
#~~@≈o......
##~≈≈~..#.##
#~≈≈~....# #~≈≈~~...#
#~~≈≈~##.# ##~≈≈~# .#
#~≈≈~# . #~≈≈~#


You could see an orc priest and 2 orcs.

Vanquished Creatures
  A hound (D:3)
  2 orc priests (D:3)
  Natasha (thrice) (D:2)
  Robin (D:2)
  An adder (D:2)
  A dart slug (D:2)
  3 ribbon worms
  2 orcs (D:3)
  6 endoplasms
  A giant cockroach (D:1)
  18 goblins
  6 hobgoblins
  5 jackals (D:1)
  5 kobolds
  2 quokkas
  4 ball pythons
  4 bats
  3 frilled lizards
  6 rats
74 creatures vanquished.

Notes
Turn   | Place    | Note
-------+----------+-------------------------------------------
     0 | D:1      | firemarshallily the Draconian Air Elementalist began the
                  | quest for the Orb.
     0 | D:1      | Reached XP level 1. HP: 14/14 MP: 3/3
   119 | D:1      | Reached XP level 2. HP: 22/22 MP: 1/5
   355 | D:1      | Reached skill level 1 in Fighting
   616 | D:1      | Reached XP level 3. HP: 28/28 MP: 1/6
  1057 | D:2      | Noticed Natasha
  1064 | D:2      | Killed Natasha
  1065 | D:2      | Reached XP level 4. HP: 32/36 MP: 1/8
  1126 | D:2      | Learned a level 2 spell: Static Discharge
  1145 | D:2      | Noticed Natasha
  1151 | D:2      | Killed Natasha
  1216 | D:2      | Identified the staff of the Warrior {Str+2 Conj Ice}
  1229 | D:2      | Found a glowing silver altar of Zin.
  1295 | D:2      | Noticed Natasha
  1306 | D:2      | Killed Natasha
  1499 | D:2      | Noticed Robin
  1506 | D:2      | Reached XP level 5. HP: 41/41 MP: 4/10
  1512 | D:2      | Killed Robin
  1741 | D:2      | Found a runed translucent door.
  1742 | D:2      | Noticed Crazy Yiuf
  1915 | D:2      | Learned a level 3 spell: Swiftness
  2110 | D:3      | Found a faded altar of an unknown god.
  2136 | D:3      | Reached skill level 1 in Staves
  2278 | D:3      | Got the Writings on Atmospheric Illusion
  2454 | D:3      | Reached XP level 6. HP: 15/50 MP: 1/12
  2463 | D:3      | Gained mutation: You have hidden genetic defects. [potion
                  | of mutation]
  2463 | D:3      | Gained mutation: Your body sometimes deteriorates upon
                  | taking damage. [potion of mutation]
  2463 | D:3      | Gained mutation: You are agile. (Dex +4, Str/Int -1)
                  | [potion of mutation]
  2463 | D:3      | HP: 2/50 [orc/+0 war axe (3)]
  2468 | D:3      | Killed from afar by an orc priest

Illustrated notes

Levels and vault maps discovered:
D:1:      dpeg_arrival_ternary, layout_basic
D:2:      layout_rooms, basic_altar, grunt_ministairs_2, uniq_natasha,
          uniq_robin, uniq_crazy_yiuf_cottage
D:3:      wander_river, layout_basic, shapermc_ecumenical_altar_pompeii,
          nicolae_elevator_lobby_asterisk

Skill      XL: |  1  2  3  4  5 |
---------------+----------------+-----
Fighting       | 1 2 |  2.7
Spellcasting   | 3 4 |  4.1
Staves         | 1 |  1.5
Air Magic      | 4 |  4.1
Dodging        | |  1.7
Stealth        | |  1.7
Conjurations   | |  1.1

Action                     |  1- 3 |  4- 6 || total
---------------------------+-------+-------++-------
  Melee: Dagger            |    34 |       ||    34
         Unarmed           |     4 |       ||     4
         Tailslap          |     6 |     5 ||    11
         Staff             |       |    56 ||    56
   Cast: Shock             |    60 |    77 ||   137
    Use: Potion            |       |     5 ||     5
 Armour: Skin              |    33 |    34 ||    67
  Dodge: Dodged            |    26 |    47 ||    73
